 Dungeon Crawl Stone Soup version 0.20-a0-537-g052e6ba (webtiles) character file.

471 PrrrPrrrPrrr the Digger (level 7, -1/36 HPs)
             Began as a Gargoyle Earth Elementalist on Jan 28, 2017.
             Slain by a slave (4 damage)
             ... led by Pikel
             ... on level 5 of the Dungeon.
             The game lasted 00:17:24 (5936 turns).

PrrrPrrrPrrr the Digger (GrEE)                      Turns: 5936, Time: 00:17:25

Health: -1/36      AC:  7    Str: 12    XL:     7   Next: 9%
Magic:  6/14       EV: 12    Int: 17    God:
Gold:   200        SH:  0    Dex: 10    Spells: 7/16 levels left

rFire    . . .     SeeInvis .   s - +0 flail
rCold    . . .     Gourm    .   c - +0 robe
rNeg     + . .     Faith    .   (no shield)
rPois    ∞         Spirit   .   x - +0 helmet
rElec    +         Reflect  .   (no cloak)
rCorr    .         Harm     .   (no gloves)
MR       .....                  (no boots)
Stlth    ++........             (no amulet)
Regen    0.2/turn               (no ring)
                                (no ring)

@: no status effects
A: negative energy resistance 1, electricity resistance, unbreathing,
petrification resistance, rot immunity, AC +4
a: no special abilities


You were on level 5 of the Dungeon.
You were hungry.

You visited 1 branch of the dungeon, and saw 5 of its levels.

You collected 200 gold pieces.

Inventory:

Hand Weapons
 n - a +1 short sword of holy wrath
 s - a +0 flail (weapon)
 u - a +0 short sword
Missiles
 b - 14 stones (quivered)
Armour
 c - a +0 robe (worn)
 h - a +0 pair of gloves
 x - a +0 helmet (worn)
Scrolls
 g - 2 scrolls of magic mapping
 i - a scroll of identify
 k - 3 scrolls of teleportation
 l - a scroll of blinking
 m - a scroll of immolation
 o - 2 scrolls of amnesia
 p - a scroll of recharging
Potions
 r - 2 potions of might
 t - a potion of cancellation
 w - a potion of lignification
Books
 e - a book of Geomancy

   Spells                             Type                      Level
   a - Sandblast                      Earth                        1
   b - Passwall                       Transmutation/Earth          2
   c - Stone Arrow                    Conjuration/Earth            3
   d - Petrify                        Transmutation/Earth          4
   e - Lee's Rapid Deconstruction     Earth                        5
Comestibles
 a - 5 meat rations
 d - 4 bread rations
 j - a royal jelly


   Skills:
 - Level 1.5 Dodging
 - Level 2.1 Stealth
 * Level 5.1 Spellcasting
 + Level 3.1 Conjurations
   Level 0.7 Transmutations
 + Level 5.7 Earth Magic


You had 7 spell levels left.
You knew the following spells:

 Your Spells              Type           Power        Failure   Level  Hunger
a - Sandblast             Erth           ###...       1%          1    None
b - Stone Arrow           Conj/Erth      ###...       10%         3    ###....
c - Lee's Rapid Deconstr  Erth           ###.......   38%         5    ######.


Dungeon Overview and Level Annotations

Branches:
Dungeon (5/15)
 Temple: D:4-7

Altars:
Trog
Yredelemnul

Shops:
D:4 %

Annotations:
D:4 Lahna's ghost, amateur DsGl
D:5 Pikel


Innate Abilities, Weirdness & Mutations

You are resistant to torment.
Your stone body is resilient. (AC +4)
You are immune to poison.
You resist negative energy. (rN+)
You are resistant to electric shocks. (rElec)
You can survive without breathing.
You are immune to petrification.
You are immune to rotting.


Message History

Press: ? - help, Shift-Dir - straight line, f/p - Pikel
Aim: Pikel, wielding a whip of freezing and wearing an embroidered robe (moderately wounded)
The blast of sand hits Pikel.
Pikel is moderately wounded.
b - 14 stones Pikel hits you with a whip of freezing.
Pikel freezes you.
* * * LOW HITPOINT WARNING * * *
The slave barely misses you. The slave closely misses you.
The slave barely misses you. The slave hits you but does no damage.
Pikel says, "You'll fetch a fair price!"
Pikel hits you with a whip of freezing.
* * * LOW HITPOINT WARNING * * *
Pikel freezes you.
* * * LOW HITPOINT WARNING * * *
Pikel hits you with a whip of freezing.
* * * LOW HITPOINT WARNING * * *
Pikel freezes you.
* * * LOW HITPOINT WARNING * * *
The slave hits you.
You die...

#..........#.
#......#####. #....#
#....# .##.#.# #.##.#
...... #.##.#
##..###.##.#
#.......##.#
#+########.#..#####.#
#...@pp..#..........#
#.####K....#...######
#<...hpp...#...#
.......##.....#...#
......( '.....#...#
.......##.....#..>#
....... ###+###...#
....... +...# #######


You could see Pikel and 3 slaves.

Vanquished Creatures
  A scorpion (D:4)
  A centaur zombie (D:5)
  2 hounds
  An orc priest (D:3)
  An iguana (D:4)
  3 worker ants
  4 gnolls (D:2)
  6 adders
  An ooze (D:1)
  An adder skeleton (D:4)
  A worm (D:4)
  2 dart slugs (D:1)
  3 leopard geckos
  14 orcs
  6 bats
  4 giant cockroaches
  10 goblins
  7 hobgoblins
  7 kobolds
  2 quokkas
  A ball python (D:4)
  4 frilled lizards
  2 gnoll zombies (D:3)
  8 rats
92 creatures vanquished.

Notes
Turn   | Place    | Note
-------+----------+-------------------------------------------
     0 | D:1      | PrrrPrrrPrrr the Gargoyle Earth Elementalist began the quest for the Orb.
     0 | D:1      | Reached XP level 1. HP: 10/10 MP: 3/3
   299 | D:1      | Reached XP level 2. HP: 15/15 MP: 3/5
   753 | D:1      | Reached XP level 3. HP: 19/19 MP: 1/7
   758 | D:1      | Learned a level 3 spell: Stone Arrow
  1388 | D:2      | Reached XP level 4. HP: 20/24 MP: 3/9
  1403 | D:2      | Reached skill level 1 in Conjurations
  2296 | D:2      | Reached XP level 5. HP: 28/28 MP: 8/10
  2303 | D:2      | Learned a level 5 spell: Lee's Rapid Deconstruction
  3386 | D:3      | Found a basalt altar of Yredelemnul.
  3924 | D:4      | Reached skill level 5 in Earth Magic
  3924 | D:4      | Reached XP level 6. HP: 10/32 MP: 4/12
  4245 | D:4      | Found Qyfix's Food Shop.
  4411 | D:4      | Noticed Lahna's ghost (amateur DsGl)
  5152 | D:4      | Found a bloodstained altar of Trog.
  5510 | D:4      | Reached skill level 5 in Spellcasting
  5728 | D:5      | Entered Level 5 of the Dungeon
  5742 | D:5      | Reached XP level 7. HP: 36/36 MP: 10/14
  5911 | D:5      | Noticed Pikel
  5936 | D:5      | Slain by a slave

Vault maps used:
D:1:      minmay_arrival_radiant_lines, minmay_stone_trees_small,
          glass_columns_c
D:3:      lemuel_zombie_altar_yredelemnul
D:4:      lightli_temple_of_fire, serial_shops, nicolae_shop_statue_plus
D:5:      first_bread, uniq_pikel, uniq_edmund

Skill      XL: |  1  2  3  4  5  6  7 |
---------------+----------------------+-----
Earth Magic    | 4 5 |  5.7
Spellcasting   | 3 4 5 |  5.1
Conjurations   | 1 2 3 |  3.1
Dodging        | |  1.5
Stealth        | |  2.1
Transmutations | |  0.7

Action                   |  1- 3 |  4- 6 |  7- 9 || total
-------------------------+-------+-------+-------++-------
Melee: Unarmed           |     4 |     1 |       ||     5
       Dagger            |       |    10 |       ||    10
       Flail             |       |    32 |       ||    32
 Cast: Sandblast         |    45 |   113 |    15 ||   173
       Stone Arrow       |       |     1 |       ||     1
  Use: Potion            |       |     3 |       ||     3
       Scroll            |       |    11 |       ||    11
  Eat: Chunk             |     2 |    11 |       ||    13
       Royal jelly       |       |     1 |       ||     1
Armor: Robe              |     6 |    51 |    10 ||    67
Dodge: Dodged            |    12 |    85 |    11 ||   108
